[Event "QCD-Prof Lim Kok Ann GM 2018"]
[Site "Singapore"]
[Date "2018.06.08"]
[Round "3"]
[White "Sukandar, Irine Kharisma"]
[Black "Lee, Qing Aun"]
[Result "1-0"]
[ECO "B40"]
[WhiteElo "2396"]
[BlackElo "2339"]
[Annotator "NA"]
[PlyCount "79"]
[EventDate "2018.06.12"]
[EventType "tourn"]
[SourceTitle "playchess.com"]
[Source "ChessBase"]
[SourceQuality "1"]
[TimeControl "5400+30"]

1. e4 c5 2. Nf3 e6 3. d4 cxd4 4. Nxd4 Nf6 5. Nc3 Bb4 6. e5 Nd5 {[%emt 0:00:10] LiveBook: 267 Games} 7. Qg4 g6 8. Ndb5 {[%emt 0:01:09] B40: Sicilian: 2...e6, Unusual lines} (8. Bd2 f5 9. exf6 Nxf6 10. Qh4 O-O 11. O-O-O Be7 12. Bg5 d5 13. Bd3 Nc6 14. Rhe1 Nxd4 15. Qxd4 Bd7 16. f4 a6 17. f5 gxf5 18. Bxf5 Ne4 19. Bxe7 Qxe7 20. Bxe4 {1-0 (20) Novikov,S (2540)-Gheng,J (2334) Schwaebisch Gmuend 2018}) 8... Nc6 9. Qg3 O-O 10. a3 Qa5 {[%emt 0:11:52] [#]} 11. Bd2 $1 a6 12. Rc1 Bxc3 $1 13. Nxc3 Qc7 $1 14. Bh6 $146 ({Predecessor:} 14. Ne4 Qxe5 15. Qxe5 Nxe5 {½-½ (38) Drude,D (2111)-Buhle,G (1996) GER email 2011}) 14... Rd8 15. Bg5 Rf8 $1 {[%emt 0:01:19] [#]} 16. f4 (16. Ne4 $1 $16) 16... f6 17. Nxd5 Qa5+ 18. b4 Qxd5 19. Bxf6 Qe4+ 20. Kd1 d6 21. Bd3 Qd4 22. h4 dxe5 23. fxe5 Rxf6 24. exf6 e5 25. h5 Bg4+ 26. Ke1 e4 27. f7+ Kf8 28. Be2 e3 29. Rd1 Qc3+ 30. Kf1 Bxe2+ 31. Kxe2 Nd4+ 32. Rxd4 Qxd4 33. Rd1 Qe4 $16 34. Rd3 Rc8 35. Qd6+ Kg7 36. h6+ Kxf7 37. Qd7+ Kf6 38. Qxc8 Qxg2+ 39. Kxe3 Qh3+ 40. Qxh3 1-0

[Event "QCD-Prof Lim Kok Ann GM 2018"]
[Site "Singapore"]
[Date "2018.06.11"]
[Round "7"]
[White "Lee, Qing Aun"]
[Black "Gong, Qianyun"]
[Result "1/2-1/2"]
[ECO "C06"]
[WhiteElo "2339"]
[BlackElo "2300"]
[Annotator "NA"]
[PlyCount "111"]
[EventDate "2018.06.12"]
[EventType "tourn"]
[SourceTitle "playchess.com"]
[Source "ChessBase"]
[SourceQuality "1"]
[TimeControl "5400+30"]

1. e4 e6 2. d4 d5 3. Nd2 b6 4. Bd3 Nf6 5. e5 Nfd7 6. c3 c5 7. Nh3 Be7 8. Qg4 g6 9. O-O Ba6 10. Bxa6 Nxa6 11. Nf3 h6 12. Nf4 Nf8 13. dxc5 Nxc5 14. Nd4 Qc7 15. Qe2 a6 16. a4 Ncd7 17. Re1 Qc4 18. Qd1 Rc8 19. Bd2 Qc7 20. Qe2 Qc4 21. Qd1 Qc7 22. Nf3 Nc5 23. Be3 Nh7 24. Bd4 Ng5 25. Nd2 Nge4 26. Nxe4 Nxe4 27. Qd3 Qb7 28. c4 Nc5 29. Qc2 dxc4 30. Qxc4 O-O 31. Qc2 Bg5 32. Nh3 Rfd8 33. Rad1 Be7 34. b4 Nd7 35. Qb3 b5 36. a5 Rc4 37. Bc3 Qc7 38. Rd3 Nb8 39. Rxd8+ Qxd8 40. Rd1 Qc7 41. Bd2 Bf8 42. Nf4 Qxe5 43. Nd3 Qd5 44. Be3 Qh5 45. Bc5 Nc6 46. f3 Nxa5 47. Qa2 Bxc5+ 48. Nxc5 Nc6 49. Qxa6 Nxb4 50. Qa8+ Kh7 51. Ne4 Nd5 52. Qf8 Qf5 53. Nd6 Qc2 54. Qxf7+ Kh8 55. Ra1 Ra4 56. Qf8+ 1/2-1/2